cohdb
Replays
Latest Replays
All Replays
Popular Replays
Top Player Replays
Match Explorer
How It Works
Community
CoH3 Stats
Reddit
Sign in to upload your games and track your stats! →
Sign in with Steam
Match 44025739
Unlisted
Match 44025739
Overview
Messages
Build Orders
End
Selects Italian Coastal Battlegroup
Selects Coastal Reserves
Coastal Reserve
Construct Infanterie Kompanie
MG 42 Machine Gun Team
Coastal Reserve
Coastal Reserve
Construct Panzergrenadier Kompanie
251 Medium Carrier
Coastal Reserve
Selects Artillery Officer
Artillery Officer
Pak 40 Anti-tank Gun Team
MG 42 Machine Gun Team
Infanterie Officer Quarters
Construct Panzer Kompanie
Selects Obice da 210/22 Artillery Emplacement
Panzergrenadier Officer Quarters
Panzer IV Medium Tank
Side Skirts
Pioneer Squad
Selects Support Bunkers
Construct Luftwaffe Kompanie
Support Elements
Wirbelwind Flakpanzer
Lord Admiral Pickwick
Brazuca
Iracnats
Colbear
Deff Kapp'n
TrusTable
dan legend
Prince Ali Ababwa
0
0
Comments
sign in to comment!
No comments posted yet!